 Dungeon Crawl Stone Soup version 0.29.1-1-gd02db6906a (webtiles) character file.

Game seed: 205990196135422775

448 Ashen the Magician (level 7, -1/50 HPs)
             Began as a Djinni Ice Elementalist on Oct 1, 2022.
             Slain by an ogre
             ... wielding a +0 giant club
              (26 damage)
             ... on level 5 of the Dungeon.
             The game lasted 00:11:04 (4445 turns).

Ashen the Magician (Djinni Ice Elementalist)        Turns: 4445, Time: 00:11:04

Health: -1/50      AC: 12    Str:  7    XL:     7   Next: 24%
Gold:   266        EV: 12    Int: 19    God:
                   SH:  0    Dex: 13

rFire   + + .      SeeInvis .   p - +1 spear (venom)
rCold   x . .      Faith    .   (no shield)
rNeg    . . .      Spirit   .   s - +2 leather armour {Will+}
rPois   ∞          Reflect  .   n - +0 helmet
rElec   .          Harm     .   q - +0 cloak
rCorr   .          Rampage  .   b - +0 pair of gloves
Will    ++...                   (boots unavailable)
Stlth   ++........              (no amulet)
HPRegen 0.16/turn               g - ring of willpower
MPRegen 0.00/turn               m - +4 ring of protection

@: flying, studying Staves
A: sickness immunity, fire resistance 2, cold vulnerability 1, float, innate
caster, HP casting, extra vitality 1
a: no special abilities


You were on level 5 of the Dungeon.
You visited 1 branch of the dungeon, and saw 5 of its levels.
You also visited: Sewer.

You collected 266 gold pieces.

Inventory:

Hand Weapons
 p - a +1 spear of venom (weapon)
Armour
 b - a +0 pair of gloves (worn)
 j - a +0 kite shield
 n - a +0 helmet (worn)
 q - a +0 cloak (worn)
 s - a +2 leather armour of willpower (worn)
Jewellery
 g - a ring of willpower (left hand)
 i - the ring of Gonneep {rN+ rCorr Str+4 Dex+4}
   (You found it on level 4 of the Dungeon)

   [ring of positive energy]

   Str:       It affects your strength (+4).
   Dex:       It affects your dexterity (+4).
   rN:        It protects you from negative energy.
   rCorr:     It protects you from acid and corrosion.
 m - a +4 ring of protection (right hand)
 t - a ring of fire
Scrolls
 e - 5 scrolls of identify {unknown}
 f - 3 scrolls of teleportation
 h - a scroll of amnesia {unknown}
 l - a scroll of brand weapon {unknown}
 u - a scroll of enchant armour {unknown}
 v - a scroll of poison {unknown}
Potions
 a - 2 potions of invisibility {unknown}
 c - a potion of curing {unknown}
 d - a potion of cancellation {unknown}
 k - 3 potions of attraction {unknown}
 o - a potion of heal wounds {unknown}
 r - 3 potions of mutation {unknown}


   Skills:
 + Level 3.0 Fighting
 + Level 4.1 Dodging
 + Level 3.3 Stealth
 * Level 4.5 Spellcasting


You couldn't memorise any spells.
You knew the following spells:

 Your Spells              Type           Power      Damage    Failure   Level
a - Freeze                Ice            84%        1d10      3%          1
b - Frozen Ramparts       Ice            42%        1d7       9%          3
c - Ozocubu's Armour      Ice            21%        N/A       9%          3
d - Hailstorm             Conj/Ice       21%        3d6       30%         4
e - Foxfire               Conj/Fire      84%        2x1d8     3%          1
f - Ensorcelled Hibernat  Hex/Ice        42%        N/A       4%          2
g - Confusing Touch       Hex            21%        N/A       9%          3
Your spell library was empty.

Dungeon Overview and Level Annotations

Branches:
Dungeon (5/15)              Sewer (visited)
 Temple: D:4-7

Altars:
Ashenzari
Cheibriados
Qazlal
The Shining One

Shops:
D:1 [


Innate Abilities, Weirdness & Mutations

You are immune to sickness and miasma.
You are immune to poison.
Your flesh is very heat resistant. (rF++)
You are vulnerable to cold. (rC-)
You float through the air rather than walking.
You learn spells naturally, not from books.
Your magical power is your life essence.
You have superior vitality. (+4 MHP)


Message History

No target in view!
There is a stone staircase leading down here.
You fly downwards.
There is a stone staircase leading up here.
Found a whip.
You now have 266 gold pieces (gained 14).
An ufetubus comes into view.
The ufetubus closely misses you. x2
You hit the ufetubus.
The ufetubus is poisoned.
The ufetubus is heavily wounded.
You kill the ufetubus!
No target in view!
No target in view!
An ogre comes into view. It is wielding a +0 giant club.
An ogre is nearby!
You reach to attack!
The ogre shouts!
You hit the ogre.
The ogre is poisoned.
The ogre is lightly wounded.
You closely miss the ogre.
The ogre is lightly wounded.
The ogre hits you with a +0 giant club!
Casting: Foxfire (safe; 3% risk of failure)
Confirm with . or Enter, or press ? or * to list all spells.
Aiming: Ensorcelled Hibernation (safe; 4% risk of failure)
Press: ? - help, Shift-Dir - straight line, f/p - ogre
Aim: an ogre, wielding a +0 giant club (lightly wounded, very poisoned, chance to affect: 53%)
The ogre resists with significant effort.
The ogre attacks as you move away! The ogre closely misses you.
The ogre attacks as you move away! The ogre hits you with a +0 giant club!
Casting: Ensorcelled Hibernation (safe; 4% risk of failure)
Confirm with . or Enter, or press ? or * to list all spells.
Aiming: Ensorcelled Hibernation (safe; 4% risk of failure)
Press: ? - help, Shift-Dir - straight line, f/p - ogre
Aim: an ogre, wielding a +0 giant club (lightly wounded, poisoned, chance to affect: 53%)
The ogre resists with significant effort.
The ogre attacks as you move away!
The ogre hits you with a +0 giant club!!
Ouch! That really hurt!
You die...

#.#.......#
#.#.......#
######.#.......#
...............#
.......#.#.....#
.......#.#.#'###
.............#
.......#O..######
.......@..........
.........).##########
.....................
........#####....###.
##......# #.##.#
......#.#####.# #
#######.......##.#
#####<.....# ########


You could see an ogre (poisoned).

Vanquished Creatures
  A necrophage (D:4)
  A hound (D:4)
  A merfolk siren (Sewer)
  A merfolk avatar (Sewer)
  8 adders
  7 gnolls
  5 river rats
  2 ufetubi
  2 worms
  5 dart slugs
  4 orcs
  11 ball pythons
  5 endoplasms (D:4)
  9 giant cockroaches
  3 goblins
  5 hobgoblins
  4 jackals (D:3)
  A quokka (D:4)
  5 bats
  9 frilled lizards
  7 kobolds
  26 rats
122 creatures vanquished.

Vanquished Creatures (others)
  102 foxfires
102 creatures vanquished.

Grand Total: 224 creatures vanquished

Notes
Turn   | Place    | Note
-------+----------+-------------------------------------------
     0 | D:1      | Ashen the Djinni Ice Elementalist began the quest for the
                  | Orb.
     0 | D:1      | Ashen set off with the following spells memorised: Freeze,
                  | Frozen Ramparts, Ozocubu's Armour, Hailstorm.
     0 | D:1      | Reached XP level 1. HP: 15/15 MP: 0/0
   175 | D:1      | Reached XP level 2. HP: 17/22 MP: 0/0
   378 | D:1      | Reached skill level 1 in Fighting
   378 | D:1      | Reached XP level 3. HP: 6/27 MP: 0/0
   378 | D:1      | Learned a level 1 spell: Foxfire
   656 | D:1      | Found a faded altar of an unknown god.
   858 | D:1      | Found Zel Esotu's Antique Armour Shoppe.
  1241 | D:2      | Reached XP level 4. HP: 23/32 MP: 0/0
  1791 | D:3      | Found a snail-covered altar of Cheibriados.
  2033 | D:3      | Reached XP level 5. HP: 29/38 MP: 0/0
  2033 | D:3      | Learned a level 2 spell: Ensorcelled Hibernation
  2582 | D:4      | Found a glowing golden altar of the Shining One.
  2585 | D:4      | Found a stormy altar of Qazlal.
  2597 | D:4      | Found a glowing drain.
  2618 | Sewer    | Entered a sewer
  2852 | Sewer    | Reached XP level 6. HP: 19/43 MP: 0/0
  3745 | D:4      | Reached XP level 7. HP: 36/49 MP: 0/0
  3745 | D:4      | Learned a level 3 spell: Confusing Touch
  4026 | D:4      | Found a broken altar of Ashenzari.
  4198 | D:4      | Identified the ring of Gonneep {rN+ rCorr Str+4 Dex+4}
  4409 | D:5      | Entered Level 5 of the Dungeon
  4445 | D:5      | Slain by an ogre

Illustrated notes

Levels and vault maps discovered:
D:1:      wander_arrival_abandoned_jail, layout_basic, serial_shops, shop,
          ebering_ecumenical_altar_sacrificial, nicolae_grassy_gnolls
D:2:      layout_rooms
D:3:      layout_rooms, mainiacjoe_overflow_concentric_impassable,
          columned_hall_lemuel
D:4:      layout_basic, mainiacjoe_overflow_six_doors_small,
          nicolae_overflow_two_pavilions, cheibrodos_sewer_entry_sluice,
          serial_rivers, chequers_serial_rivers_micro_b,
          chequers_serial_rivers_small_b, chequers_serial_rivers_micro_e,
          chequers_serial_rivers_large_a, dreamdust_princess_corridor,
          minmay_manual_maat
D:5:      layout_basic, minmay_bent

Skill      XL: |  1  2  3  4  5  6  7 |
---------------+----------------------+-----
Fighting       | 1 2 3 |  3.0
Stealth        | 2 3 |  3.3
Dodging        | 3 4 |  4.1
Spellcasting   | 4 |  4.5

Action                   |  1- 3 |  4- 6 |  7- 9 || total
-------------------------+-------+-------+-------++-------
Melee: Unarmed           |     4 |    12 |       ||    16
       Spear             |       |   152 |    39 ||   191
       Punch             |       |     2 |       ||     2
 Cast: Freeze            |    22 |     6 |       ||    28
       Foxfire           |    12 |    49 |       ||    61
       Frozen Ramparts   |     1 |     4 |       ||     5
       Ensorcelled Hiber |       |       |     2 ||     2
 Stab: Sleeping          |       |    10 |       ||    10
Armor: Robe              |     3 |       |       ||     3
       Leather armour    |     4 |    63 |    27 ||    94
Dodge: Dodged            |    10 |    82 |    29 ||   121
